 Dungeon Crawl Stone Soup version 0.26-a0-1040-gbe3abf3417 (webtiles) character file.

Game seed: 7100334503053063150

83 sahdkjhfkaj the Shield-Bearer (level 4, -2/42 HPs)
             Began as a Deep Dwarf Fighter on Dec 12, 2020.
             Slain by a worker ant (3 damage)
             ... on level 4 of the Dungeon.
             The game lasted 00:01:17 (290 turns).

sahdkjhfkaj the Shield-Bearer (Deep Dwarf Fighter)   Turns: 290, Time: 00:01:17

Health: -2/42      AC:  6    Str: 21    XL:     4   Next: 22%
Magic:  4/4        EV:  8    Int:  8    God:
Gold:   48         SH:  9    Dex: 12    Spells: 3/3 levels left

rFire    . . .     SeeInvis .   a - +0 war axe
rCold    . . .     Faith    .   c - +0 kite shield
rNeg     . . .     Spirit   .   b - +0 scale mail
rPois    .         Reflect  .   (no helmet)
rElec    .         Harm     .   (no cloak)
rCorr    .         Rampage  .   (no gloves)
Will     .....                  (no boots)
Stlth    ..........             (no amulet)
HPRegen  0.00/turn              (no ring)
MPRegen  0.09/turn              (no ring)

@: lethally poisoned (-2 -> -3), non-regenerating
A: damage resistance, heal wounds, sense surroundings 1, no regeneration
a: Heal Wounds


You were on level 4 of the Dungeon.
You visited 1 branch of the dungeon, and saw 4 of its levels.

You collected 48 gold pieces.

Inventory:

Hand Weapons
 a - a +0 war axe (weapon)
Armour
 b - a +0 scale mail (worn)
 c - a +0 kite shield (worn)
Jewellery
 e - a +6 ring of strength {unknown}
Scrolls
 h - a scroll of identify {unknown}
 i - a scroll of fog {unknown}
Potions
 d - 2 potions of might
 f - a potion of invisibility {unknown}
 g - a potion of attraction {unknown}


   Skills:
 + Level 3.0 Fighting
 * Level 3.2 Axes
 + Level 3.6 Armour
 + Level 1.4 Dodging
 * Level 4.1 Shields


You had 3 spell levels left.
You didn't know any spells.
Your spell library was empty.

Dungeon Overview and Level Annotations

Branches:
Dungeon (4/15)
 Temple: D:4-7

Altars:
Dithmenos


Innate Abilities, Weirdness & Mutations

You are resistant to damage.
You can heal yourself by infusing magical energy.
You passively map a small area around you.
You do not regenerate.


Message History

The frilled lizard bites you but does no damage.
The orc priest miscasts a cantrip.
You block the orc's attack.
The worker ant bites you but does no damage.
The worker ant closely misses you. The scorpion barely misses you.
The frilled lizard bites you but does no damage.
You slash the orc priest!
You kill the orc priest!
You barely miss the worker ant. You closely miss the scorpion.
You miss the frilled lizard. You hit the worker ant. You barely miss the orc.
The worker ant closely misses you. The orc hits you but does no damage.
You block the worker ant's attack. The scorpion stings you.
* * * LOW HITPOINT WARNING * * *
You are more poisoned.
The scorpion poisons you! The frilled lizard closely misses you.
The worker ant bites you.
* * * LOW HITPOINT WARNING * * *
You are lethally poisoned!
The worker ant poisons you! The worker ant bites you.
You die...

, * .. #... *
#.....# , ., ,
* * ..#..# ..
,, #.#..#* ...
#....# .. , ,
, , #...##.##
, *
#.lsB...### *
#..@)......
#.B#o...### *
* ##..O......
, .....⌠..≈. ,
,....#...≈≈≈ ,
.....##...≈≈
,,
......#*...≈≈
,
.......#,.≈≈≈≈
, , ,
........# .≈ ,
,


You could see an ogre, a scorpion, 2 worker ants, an orc and a frilled lizard.

Vanquished Creatures
  An orc priest (D:4)
  Terence (D:2)
  3 adders (D:2)
  An ooze (D:2)
  2 worms (D:2)
  3 orcs (D:4)
  3 goblins
  A quokka (D:2)
  A bat (D:3)
  2 frilled lizards (D:2)
  3 kobolds (D:2)
  A rat (D:2)
22 creatures vanquished.

Notes
Turn   | Place    | Note
-------+----------+-------------------------------------------
     0 | D:1      | sahdkjhfkaj the Deep Dwarf Fighter began the quest for the
                  | Orb.
     0 | D:1      | Reached XP level 1. HP: 20/20 MP: 1/1
    48 | D:2      | Noticed Terence
    53 | D:2      | Killed Terence
    54 | D:2      | Reached XP level 2. HP: 10/27 MP: 2/2
    54 | D:2      | Reached XP level 3. HP: 13/33 MP: 3/3
    74 | D:2      | Found a shadowy altar of Dithmenos.
   113 | D:2      | Reached skill level 1 in Dodging
   163 | D:2      | Reached skill level 4 in Shields
   170 | D:2      | Reached XP level 4. HP: 34/42 MP: 4/4
   279 | D:4      | Noticed an ogre
   290 | D:4      | HP: 2/42 [scorpion (4)]
   290 | D:4      | Slain by a worker ant

Illustrated notes

Levels and vault maps discovered:
D:1:      mushboom_english_gardens, layout_loops_cross, hangedman_decor_opposing
D:2:      wander_river, layout_basic, nicolae_dithmenos_shadow_blocks,
          nemelex_spade_bored_becter, uniq_terence
D:3:      layout_basic, lemuel_coloured_pillars_altar,
          chequers_ecumenical_altar_simple
D:4:      layout_basic, kiku_gazebo_pond_becter, hangedman_feature_mirror

Skill      XL: |  1  2  3 |
---------------+----------+-----
Axes           | 3 |  3.2
Dodging        | 1 |  1.4
Fighting       | 3 |  3.0
Shields        | 4 |  4.1
Armour         | |  3.6

Action                   |  1- 3 |  4- 6 || total
-------------------------+-------+-------++-------
Melee: War axe           |    42 |    20 ||    62
 Abil: Heal Wounds       |     1 |       ||     1
Armor: Scale mail        |    14 |    16 ||    30
Dodge: Dodged            |    12 |    22 ||    34
Block: Kite shield       |    25 |    14 ||    39

Table legend: (Time is in decaauts)
 A = Elapsed time spent in this place.
 B = Non-inter-level travel time spent in this place.
 C = Inter-level travel time spent in this place.
 D = Time resting spent in this place.
 E = Time spent auto-exploring this place.
 F = Levels seen in this place.
 G = Mean time per level.
                   A        B        C        D        E       F      G
               +--------+--------+--------+--------+--------+-----+--------+
         Total |    317 |    289 |     28 |      0 |    149 |   4 |   79.2 |
       Dungeon |    317 |    289 |     28 |      0 |    149 |   4 |   79.2 |
               +--------+--------+--------+--------+--------+-----+--------+

Top non-repeatable levels by time:
     D:2: 254 daAuts
     D:1: 33 daAuts
     D:3: 15 daAuts
     D:4: 14 daAuts
